PIO (24 & UNDER)
SURREY SINNERS @ CHULA VISTA TACOS
08/27/2023
 
TOP OF THE 1ST
Surrey Sinners batting - Pitching for Chula Vista Tacos : RHP Dave Jackson
Pitching: RHP Dave Jackson
Batting: RHB Eugene Booth 0-0: Foul Ball, location: 2F
0-1: Swinging Strike
0-2: Strikes out swinging
Batting: RHB José Toro 0-0: Fly out, F9 (Flyball, 9M)
Batting: RHB Armando Pagán 0-0: Swinging Strike
0-1: Ball
1-1: Swinging Strike
1-2: Strikes out looking
Top of the 1st over - 0 run(s), 0 hit(s), 0 error(s), 0 left on base; Surrey 0 - Chula Vista 0
BOTTOM OF THE 1ST
Chula Vista Tacos batting - Pitching for Surrey Sinners : RHP Chris Marshall
Pitching: RHP Chris Marshall
Batting: RHB Jorge Collazo 0-0: Ball
1-0: Ball
2-0: Swinging Strike
2-1: Ball
3-1: Base on Balls
Batting: LHB Alberto Santos 0-0: Foul Ball, location: 2F
0-1: Called Strike
0-2: Fly out, F5 (Popup, 5SF)
Batting: SHB Adrián Nieto 0-0: Hit by Pitch
Jorge Collazo to second
Batting: RHB Luis Martínez 0-0: Ball
1-0: Ball
2-0: Ball
3-0: Base on Balls
Jorge Collazo to third
Adrián Nieto to second
Batting: RHB Ryan Cates 0-0: Fielders Choice at 2nd, 6-4 (Groundball, 6)
Jorge Collazo scores
Adrián Nieto to third
Batting: LHB Ray Bryant 0-0: Ball
1-0: Ball
2-0: Ball
3-0: Called Strike
3-1: SINGLE (Flyball, 7S)
Adrián Nieto scores
Ryan Cates to second
Batting: RHB Doug Brown 0-0: Ball
1-0: Ball
2-0: SINGLE (Groundball, 56D)
Ryan Cates to third
Ray Bryant to second
Runner from 3rd tries for Home, SAFE, no throw or cutoff
Batting: RHB José Oliveira 0-0: Called Strike
0-1: Foul Ball, location: 2F
0-2: Ball
1-2: Strikes out swinging
Bottom of the 1st over - 3 run(s), 2 hit(s), 0 error(s), 2 left on base; Surrey 0 - Chula Vista 3
TOP OF THE 2ND
Surrey Sinners batting - Pitching for Chula Vista Tacos : RHP Dave Jackson
Batting: RHB Ryan Parrish 0-0: Ball
1-0: SINGLE (Groundball, 6MD)
Batting: RHB Miguel Palácios 0-0: Ball
1-0: Swinging Strike
1-1: Foul Ball, location: 2F
1-2: Strikes out swinging
Batting: RHB Quincy Vance 0-0: Called Strike
Ryan Parrish steals 2nd base
0-1: Ball
1-1: Foul Ball, location: 2F
1-2: Strikes out swinging
Batting: RHB Ángel Barker 0-0: Ball
1-0: Foul Ball, location: 2F
1-1: Ball
2-1: Ball
3-1: Fly out, F7 (Flyball, 7LM)
Top of the 2nd over - 0 run(s), 1 hit(s), 0 error(s), 1 left on base; Surrey 0 - Chula Vista 3
BOTTOM OF THE 2ND
Chula Vista Tacos batting - Pitching for Surrey Sinners : RHP Chris Marshall
Batting: LHB Ken Phillips 0-0: Ball
1-0: Called Strike
1-1: Ball
2-1: Ground out 4-3 (Groundball, 34)
Batting: RHB Jorge Collazo 0-0: Called Strike
0-1: Swinging Strike
0-2: Ball
1-2: Strikes out swinging
Batting: LHB Alberto Santos 0-0: Ball
1-0: Foul Ball, location: 2F
1-1: Swinging Strike
1-2: Foul Ball, location: 2F
1-2: Strikes out swinging
Bottom of the 2nd over - 0 run(s), 0 hit(s), 0 error(s), 0 left on base; Surrey 0 - Chula Vista 3
TOP OF THE 3RD
Surrey Sinners batting - Pitching for Chula Vista Tacos : RHP Dave Jackson
Batting: RHB Horace Johnson 0-0: SINGLE (Groundball, 3S)
Batting: LHB Edmund Ross 0-0: Swinging Strike
0-1: Ball
1-1: Ball
2-1: Ball
3-1: Ground out 5-3 (Groundball, 56S)
Horace Johnson to second
Batting: RHB Eugene Booth 0-0: Ball
Horace Johnson steals 3rd base
1-0: Foul Ball, location: 2F
1-1: Ball
2-1: Ball
3-1: Called Strike
3-2: Strikes out swinging
Batting: RHB José Toro 0-0: SINGLE (Line Drive, 6)
Horace Johnson scores
Batting: RHB Armando Pagán 0-0: Ball
1-0: Called Strike
1-1: Ball
2-1: Called Strike
2-2: Foul Ball, location: 2F
2-2: SINGLE (Groundball, 4)
José Toro to second
José Toro to third
Batting: RHB Ryan Parrish 0-0: Ball
1-0: Swinging Strike
1-1: Swinging Strike
1-2: Strikes out swinging
Top of the 3rd over - 1 run(s), 3 hit(s), 0 error(s), 2 left on base; Surrey 1 - Chula Vista 3
BOTTOM OF THE 3RD
Chula Vista Tacos batting - Pitching for Surrey Sinners : RHP Chris Marshall
Batting: SHB Adrián Nieto 0-0: Ground out 5-3 (Groundball, 5S)
Batting: RHB Luis Martínez 0-0: DOUBLE (Groundball, 5L)
Batting: RHB Ryan Cates 0-0: Called Strike
0-1: SINGLE (Groundball, 6MD)
Luis Martínez to third
Runner from 3rd tries for Home, throw and OUT!
Ryan Cates to second
Batting: LHB Ray Bryant 0-0: Called Strike
0-1: Ball
1-1: Swinging Strike
1-2: Ball
2-2: Strikes out swinging
Bottom of the 3rd over - 0 run(s), 2 hit(s), 0 error(s), 1 left on base; Surrey 1 - Chula Vista 3
TOP OF THE 4TH
Surrey Sinners batting - Pitching for Chula Vista Tacos : RHP Dave Jackson
Batting: RHB Miguel Palácios 0-0: Ball
1-0: Hit by Pitch
Batting: RHB Quincy Vance 0-0: Called Strike
0-1: Ball
1-1: Foul Ball, location: 2F
1-2: Strikes out swinging
Miguel Palácios steals 2nd base
Batter strikes out.
Batting: RHB Ángel Barker 0-0: Ball
1-0: Ball
2-0: Foul Ball, location: 2F
2-1: Called Strike
Miguel Palácios steals 3rd base
2-2: Strikes out swinging
Batting: RHB Horace Johnson 0-0: Ball
1-0: Ground out 6-3 (Groundball, 6)
Top of the 4th over - 0 run(s), 0 hit(s), 0 error(s), 1 left on base; Surrey 1 - Chula Vista 3
BOTTOM OF THE 4TH
Chula Vista Tacos batting - Pitching for Surrey Sinners : RHP Chris Marshall
Batting: RHB Doug Brown 0-0: Ball
1-0: Fly out, F4 (Popup, 34D)
Batting: RHB José Oliveira 0-0: Ground out 5-3 (Groundball, 5)
Batting: LHB Ken Phillips 0-0: Ground out 5-3 (Groundball, 5S)
Bottom of the 4th over - 0 run(s), 0 hit(s), 0 error(s), 0 left on base; Surrey 1 - Chula Vista 3
TOP OF THE 5TH
Surrey Sinners batting - Pitching for Chula Vista Tacos : RHP Dave Jackson
Batting: LHB Edmund Ross 0-0: Called Strike
0-1: Foul Ball, location: 2F
0-2: Strikes out swinging
Batting: RHB Eugene Booth 0-0: Called Strike
0-1: Foul Ball, location: 2F
0-2: Strikes out swinging
Batting: RHB José Toro 0-0: Called Strike
0-1: Ball
1-1: Swinging Strike
1-2: Ball
2-2: Strikes out swinging
Top of the 5th over - 0 run(s), 0 hit(s), 0 error(s), 0 left on base; Surrey 1 - Chula Vista 3
BOTTOM OF THE 5TH
Chula Vista Tacos batting - Pitching for Surrey Sinners : RHP Chris Marshall
Batting: RHB Jorge Collazo 0-0: Fly out, F9 (Flyball, 9LS)
Batting: LHB Alberto Santos 0-0: Ball
1-0: Called Strike
1-1: Ball
2-1: Ball
3-1: Fly out, F7 (Flyball, 7M)
Batting: SHB Adrián Nieto 0-0: Ground out 4-3 (Groundball, 34)
Bottom of the 5th over - 0 run(s), 0 hit(s), 0 error(s), 0 left on base; Surrey 1 - Chula Vista 3
TOP OF THE 6TH
Surrey Sinners batting - Pitching for Chula Vista Tacos : RHP Dave Jackson
Batting: RHB Armando Pagán 0-0: Called Strike
0-1: Ball
1-1: Foul Ball, location: 2F
1-2: Ball
2-2: Ball
3-2: Fly out, F6 (Line Drive, 6)
Batting: RHB Ryan Parrish 0-0: Called Strike
0-1: Ball
1-1: Foul Ball, location: 2F
1-2: Ground out 1-3 (Groundball, 15)
Batting: RHB Miguel Palácios 0-0: Ball
1-0: Ball
2-0: Ball
3-0: Called Strike
3-1: Base on Balls
Pitching: RHP Doug Singleton
Batting: RHB Quincy Vance 0-0: Ball
1-0: Ball
2-0: Ball
3-0: Called Strike
3-1: Called Strike
3-2: Strikes out swinging
Top of the 6th over - 0 run(s), 0 hit(s), 0 error(s), 1 left on base; Surrey 1 - Chula Vista 3
BOTTOM OF THE 6TH
Chula Vista Tacos batting - Pitching for Surrey Sinners : RHP Chris Marshall
Batting: RHB Luis Martínez 0-0: Foul Ball, location: 2F
0-1: Hit by Pitch
Batting: RHB Ryan Cates 0-0: Swinging Strike
0-1: Ball
1-1: Fly out, F9 (Flyball, 89S)
Batting: LHB Ray Bryant 0-0: Ball
1-0: Foul Ball, location: 2F
1-1: Foul Ball, location: 2F
1-2: Foul Ball, location: 2F
1-2: Ball
2-2: Foul Ball, location: 2F
2-2: Ball
3-2: Ground out U3 (Groundball, 3S)
Luis Martínez to second
Batting: RHB Doug Brown 0-0: Called Strike
0-1: Called Strike
0-2: Foul Ball, location: 2F
0-2: Strikes out swinging
Bottom of the 6th over - 0 run(s), 0 hit(s), 0 error(s), 1 left on base; Surrey 1 - Chula Vista 3
TOP OF THE 7TH
Surrey Sinners batting - Pitching for Chula Vista Tacos : RHP Doug Singleton
Batting: RHB Ángel Barker 0-0: Ball
1-0: Ball
2-0: Ball
3-0: Called Strike
3-1: Base on Balls
Pinch Runner at 1st Alan Olson:
Batting: RHB Horace Johnson 0-0: Ball
Wild Pitch!
Alan Olson to second
1-0: Ball
2-0: Foul Ball, location: 2F
2-1: Ball
3-1: Base on Balls
Alan Olson steals 3rd base
Pitching: LHP Brock Saunders
Pinch Hitting: RHB Víctor Arredondo 0-0: Ball
1-0: Swinging Strike
1-1: Ball
2-1: Ball
3-1: Swinging Strike
3-2: Foul Ball, location: 2F
3-2: Base on Balls
Horace Johnson to second
Pitching: LHP Raymond Ritchie
Pinch Hitting: LHB Benny Richard 0-0: Called Strike
0-1: Ball
1-1: Ball
2-1: Ball
3-1: Base on Balls
Alan Olson scores
Horace Johnson to third
Víctor Arredondo to second
Batting: RHB José Toro 0-0: Called Strike
0-1: Swinging Strike
0-2: Hit by Pitch
Horace Johnson scores
Víctor Arredondo to third
Benny Richard to second
Batting: RHB Armando Pagán 0-0: Ball
1-0: Called Strike
1-1: Fly out, F6 (Popup, 56)
Batting: RHB Ryan Parrish 0-0: Swinging Strike
0-1: Ball
1-1: Called Strike
1-2: Ball
2-2: Foul Ball, location: 2F
2-2: Strikes out swinging
Pinch Hitting: RHB Max Alexander 0-0: Ball
1-0: Swinging Strike
1-1: SINGLE (Groundball, 34)
Víctor Arredondo scores
Benny Richard to third
José Toro to second
Runner from 3rd tries for Home, SAFE, no throw or cutoff
Pinch Hitting: RHB Ben Alexander 0-0: Ball
1-0: Ball
2-0: Ball
3-0: Called Strike
3-1: Base on Balls
José Toro to third
Max Alexander to second
Batting: LHB Alan Olson 0-0: Called Strike
0-1: Ball
1-1: Ground out 4-3 (Groundball, 4)
Top of the 7th over - 4 run(s), 1 hit(s), 0 error(s), 3 left on base; Surrey 5 - Chula Vista 3
BOTTOM OF THE 7TH
Chula Vista Tacos batting - Pitching for Surrey Sinners : RHP Chris Marshall
Now at 1B: Benny Richard
Now at 2B: Lawrence Steward
Now at SS: Dave Anderson
Now in CF: Alan Olson
Now in RF: Víctor Arredondo
Batting: RHB José Oliveira 0-0: Foul Ball, location: 2F
0-1: SINGLE (Groundball, 5S) (infield hit)
Batting: LHB Ken Phillips 0-0: Ball
1-0: Fly out, F9 (Line Drive, 9S)
Batting: RHB Jorge Collazo 0-0: SINGLE (Groundball, 6MD)
José Oliveira to second
Pinch Hitting: RHB Marty Hendrickson 0-0: Ball
1-0: Called Strike
1-1: Foul Ball, location: 2F
1-2: Ball
2-2: Ball
3-2: Fly out, F3 (Line Drive, 3)
3-2: Lined into DP, U3 (Line Drive, 3)
Bottom of the 7th over - 0 run(s), 2 hit(s), 0 error(s), 1 left on base; Surrey 5 - Chula Vista 3
TOP OF THE 8TH
Surrey Sinners batting - Pitching for Chula Vista Tacos : LHP Raymond Ritchie
Now in RF: Marty Hendrickson
Batting: RHB Horace Johnson 0-0: Called Strike
0-1: Foul Ball, location: 2F
0-2: Ball
1-2: Strikes out swinging
Batting: RHB Víctor Arredondo 0-0: Ball
1-0: Foul Ball, location: 2F
1-1: Ball
2-1: Ball
3-1: Base on Balls
Batting: LHB Benny Richard 0-0: Ball
1-0: Foul Ball, location: 2F
1-1: TRIPLE (Groundball, 3L)
Víctor Arredondo scores
Batting: RHB José Toro 0-0: Foul Ball, location: 2F
0-1: Ball
1-1: Fly out, F8 (Popup, 8LS)
Batting: RHB Armando Pagán 0-0: Called Strike
0-1: Foul Ball, location: 2F
0-2: Ball
1-2: Ball
2-2: DOUBLE (Line Drive, 56D)
Benny Richard scores
Pitching: RHP Jody Clemente
Batting: RHB Ryan Parrish 0-0: Fly out, F6 (Popup, 6D)
Top of the 8th over - 2 run(s), 2 hit(s), 0 error(s), 1 left on base; Surrey 7 - Chula Vista 3
BOTTOM OF THE 8TH
Chula Vista Tacos batting - Pitching for Surrey Sinners : RHP Chris Marshall
Pitching: RHP Juan Fonseca
Batting: SHB Adrián Nieto 0-0: Ball
1-0: Called Strike
1-1: Ball
2-1: Ground out 4-3 (Groundball, 4)
Batting: RHB Luis Martínez 0-0: Ball
1-0: Called Strike
1-1: Foul Ball, location: 2F
1-2: Foul Ball, location: 2F
1-2: Strikes out swinging
Batting: RHB Ryan Cates 0-0: Called Strike
0-1: Ball
1-1: Swinging Strike
1-2: Foul Ball, location: 2F
1-2: Fly out, F4 (Line Drive, 4M)
Bottom of the 8th over - 0 run(s), 0 hit(s), 0 error(s), 0 left on base; Surrey 7 - Chula Vista 3
TOP OF THE 9TH
Surrey Sinners batting - Pitching for Chula Vista Tacos : RHP Jody Clemente
Batting: SHB Lawrence Steward 0-0: Ball
1-0: Foul Ball, location: 2F
1-1: Ball
2-1: Ball
3-1: Swinging Strike
3-2: Base on Balls
Batting: RHB Dave Anderson 0-0: Ball
1-0: Sac Bunt - play at first, batter safe!
Lawrence Steward to second
Batting: LHB Alan Olson 0-0: Sac Bunt - play at first, batter OUT! 5-3
Lawrence Steward to third
Dave Anderson to second
Batting: RHB Horace Johnson 0-0: Ball
1-0: Ball
2-0: Called Strike
2-1: Ball
3-1: Base on Balls
Batting: RHB Víctor Arredondo 0-0: Ground out 6-3 (Groundball, 6S)
Lawrence Steward scores
Dave Anderson to third
Horace Johnson to second
Batting: LHB Benny Richard 0-0: Ball
1-0: SINGLE (Groundball, 3D)
Dave Anderson scores
Horace Johnson to third
Runner from 3rd tries for Home, SAFE, no throw or cutoff
Batting: RHB José Toro 0-0: Called Strike
0-1: Ball
1-1: Foul Ball, location: 2F
1-2: Ball
2-2: Ball
3-2: Foul Ball, location: 2F
3-2: Strikes out swinging
Top of the 9th over - 3 run(s), 2 hit(s), 0 error(s), 1 left on base; Surrey 10 - Chula Vista 3
BOTTOM OF THE 9TH
Chula Vista Tacos batting - Pitching for Surrey Sinners : RHP Juan Fonseca
Batting: LHB Ray Bryant 0-0: Called Strike
0-1: Ball
1-1: Swinging Strike
1-2: Strikes out swinging
Batting: RHB Doug Brown 0-0: Called Strike
0-1: Ball
1-1: Fly out, F7 (Flyball, 78M)
Batting: RHB José Oliveira 0-0: Ball
1-0: Called Strike
1-1: Reaches on Catchers interference
Batting: LHB Ken Phillips 0-0: Swinging Strike
0-1: Ball
1-1: Foul Ball, location: 2F
1-2: Ground out 3-1 (Groundball, 34S)
Bottom of the 9th over - 0 run(s), 0 hit(s), 1 error(s), 1 left on base; Surrey 10 - Chula Vista 3
This league is powered by Out of the Park Baseball, the baseball management simulation game for PC, Mac and Linux
Wednesday, December 2nd, 2015 - OOTP Baseball 16.8 Build 38